Map: Orbital Shipyard

Players

LilDicky

  • Race: Terran Terran
  • League: Diamond

Peter - Winner!

  • Race: Protoss Protoss
  • League: Diamond

VOD

http://www.twitch.tv/tumescentpie

Description

Time

  • Played on: Dec. 3, 2015, 12:42 p.m.
  • Length: 12:06
Show
View Real Time Build Order
Export as new Build Order

LilDicky Terran 

Build Orders: MMM Bio 

Get SALT Encoding   

  12  0:01  SCV  
  13  0:13  SCV  
  14  0:17  Supply Depot  
  14  0:25  SCV  
  15  0:39  SCV  
  15  0:41  Barracks  
  16  0:52  Refinery  
  16  0:56  SCV  
  17  1:08  SCV  
  18  1:20  SCV  
  19  1:28  Marine  
  20  1:37  Command Center  
  20  1:43  Orbital Command  
  20  1:49  Marine  
  21  1:55  Supply Depot  
  21  2:14  SCV  
  23  2:18  Refinery  
  22  2:23  Bunker  
  22  2:29  Barracks Tech Lab  
  22  2:31  Factory  
  22  2:33  SCV  
  23  2:48  SCV, Engineering Bay  
  25  2:53  Stimpack  
  23  3:00  Marauder  
  23  3:05  SCV  
  26  3:11  Orbital Command  
  26  3:24  Missile Turret  
  26  3:26  Missile Turret  
  26  3:31  Widow Mine  
  28  3:34  SCV  
  28  3:38  SCV  
  30  3:44  Marine  
  31  3:52  Barracks  
  31  3:59  SCV  
  31  4:00  SCV  
  31  4:02  Barracks  
  33  4:07  Factory Tech Lab  
  33  4:10  Marine  
  33  4:11  SCV  
  33  4:12  SCV  
  36  4:22  Supply Depot  
  36  4:23  SCV  
  37  4:24  SCV  
  37  4:25  Siege Tank  
  37  4:28  Marine  
  42  4:49  Barracks Reactor, Barracks Tech Lab  
  42  4:52  SCV x2  
  44  4:55  Starport  
  44  4:57  Command Center  
  44  4:58  Marine  
  44  5:10  SCV, Cyclone  
  44  5:11  Combat Shields  
  44  5:13  Concussive Shells  
  49  5:16  Marine  
  49  5:17  SCV  
  50  5:23  SCV  
  50  5:27  Marine x2  
  53  5:29  SCV  
  54  5:38  Supply Depot, SCV  
  54  5:39  Marauder  
  54  5:40  Supply Depot  
  54  5:41  SCV  
  58  5:43  Supply Depot  
  58  5:46  Siege Tank  
  58  5:49  Starport Reactor  
  61  5:50  SCV  
  61  5:54  Supply Depot  
  61  5:55  Terran Infantry Weapons Level 1, SCV  
  61  5:57  Marine  
  61  6:03  Marine x2  
  64  6:04  Marauder  
  64  6:06  SCV  
  64  6:08  SCV  
  68  6:14  Orbital Command  
  68  6:28  SCV x2  
  68  6:29  Missile Turret  
  68  6:31  Orbital Command  
  70  6:34  Marine x2  
  70  6:36  Marine x2  
  70  6:39  Refinery  
  74  6:41  Medivac x2  
  78  6:54  SCV x2  
  78  6:55  Barracks, Marauder  
  78  6:56  Barracks  
  78  6:57  SCV  
  83  7:06  SCV x2, Refinery, Marine x3  
  88  7:10  Supply Depot  
  88  7:11  Cyclone  
  91  7:16  Marauder  
  93  7:24  Marauder, Marine x2  
  93  7:29  Medivac  
  99  7:33  SCV x2, Refinery  
  99  7:34  Refinery  
  101  7:37  Marine  
  101  7:40  Supply Depot  
  101  7:41  Marine  
  101  7:42  Armory, Marine  
  101  7:43  Barracks Reactor  
  104  7:44  Engineering Bay  
  104  7:45  Marine  
  104  7:46  Barracks Reactor  
  105  7:55  Marine  
  106  7:59  Marine  
  106  8:22  Marine x6  
  106  8:23  Medivac x2, Marauder  
  106  8:24  Siege Tank  
  106  8:25  SCV x2  
  106  8:26  SCV  
  124  8:37  SCV x2  
  124  8:39  SCV  
  124  8:40  Liberator x2  
  97  8:57  Marine x2  
  97  8:58  Marauder, Marine  
  97  8:59  Marauder  
  97  9:02  Marine  
  110  9:07  Barracks  
  110  9:09  Barracks  
  111  9:11  Supply Depot  
  111  9:12  Supply Depot  
  111  9:14  Marine x2  
  111  9:15  Marine  
  111  9:17  Marine  
  114  9:19  Command Center, Terran Infantry Armor Level 1  
  114  9:20  Marauder x2  
  114  9:21  Missile Turret  
  119  9:28  Marine x2  
  123  9:36  Marine x2  
  125  9:40  Viking x2  
  125  9:41  Marauder x2  
  125  9:43  Cyclone, Starport  
  125  9:44  Marine x2  
  136  9:50  Marine x2  
  138  9:59  SCV x2  
  140  10:06  Supply Depot  
  140  10:07  Supply Depot  
  140  10:08  Marauder x2  
  140  10:09  Supply Depot  
  140  10:10  Supply Depot  
  144  10:15  Viking x2  
  144  10:16  Marine x2  
  144  10:19  Marine  
  144  10:20  Marine x3  
  154  10:21  Starport Reactor  
  154  10:29  Marauder x2  
  154  10:33  Orbital Command  
  72  11:05  Marine x3  
  72  11:06  Marauder  
  72  11:08  Viking x3  
  72  11:09  Viking  
  72  11:10  Marine x2  
  80  11:22  Orbital Command  
  80  11:24  Marine x3  
Show
View Real Time Build Order
Export as new Build Order

Peter Protoss - Winner!

Build Orders: 1 Gate Expand, Oracle Opening 

Get SALT Encoding   

  12  0:00  Probe (Chrono Boost)  
  13  0:11  Probe (Chrono Boost)  
  14  0:18  Pylon  
  14  0:22  Probe (Chrono Boost)  
  15  0:36  Probe (Chrono Boost)  
  15  0:38  Gateway  
  16  0:47  Probe (Chrono Boost)  
  16  0:48  Assimilator  
  17  0:57  Probe (Chrono Boost)  
  18  1:08  Probe (Chrono Boost)  
  19  1:22  Nexus  
  19  1:29  Cybernetics Core  
  19  1:34  Probe (Chrono Boost)  
  20  1:40  Assimilator  
  20  1:44  Probe (Chrono Boost)  
  21  1:49  Pylon  
  21  1:55  Probe (Chrono Boost)  
  22  2:08  Mothership Core (Chrono Boost), Adept (Chrono Boost)  
  26  2:15  Warp Gate  
  26  2:26  Probe (Chrono Boost)  
  27  2:35  Adept (Chrono Boost)  
  29  2:40  Probe x2  
  31  2:45  Assimilator  
  31  2:51  Probe  
  31  2:52  Probe  
  31  2:53  Stargate  
  33  3:01  Probe  
  33  3:04  Probe  
  35  3:11  Sentry (Chrono Boost)  
  35  3:12  Probe  
  37  3:17  Probe  
  39  3:22  Probe, Pylon  
  40  3:29  Probe  
  40  3:33  Probe  
  41  3:41  Probe, Oracle (Chrono Boost)  
  43  3:45  Robotics Facility  
  43  3:47  Probe  
  46  3:48  Pylon  
  46  3:53  Probe  
  48  3:57  Probe  
  48  3:59  Stalker  
  51  4:05  Probe, Assimilator  
  51  4:08  Probe  
  51  4:09  Pylon  
  53  4:14  Oracle (Chrono Boost)  
  56  4:23  Gateway  
  56  4:25  Gateway  
  56  4:29  Probe  
  56  4:31  Probe  
  58  4:33  Observer  
  59  4:40  Probe  
  59  4:43  Probe  
  61  4:50  Probe  
  62  4:55  Probe  
  62  4:56  Void Ray (Chrono Boost)  
  62  4:57  Nexus  
  67  5:07  Probe  
  67  5:10  Observer (Chrono Boost)  
  69  5:17  Pylon  
  69  5:22  Probe  
  69  5:23  Forge  
  69  5:24  Forge  
  70  5:30  Pylon  
  70  5:33  Probe  
  71  5:36  Void Ray  
  71  5:39  Pylon  
  71  5:40  Robotics Bay  
  75  5:43  Pylon  
  75  5:56  Probe  
  75  5:57  Probe  
  75  6:00  Protoss Ground Weapons Level 1 (Chrono Boost), Protoss Ground Armor Level 1 (Chrono Boost), Warp Prism (Chrono Boost)  
  75  6:04  Twilight Council  
  79  6:07  Probe  
  79  6:09  Probe  
  81  6:15  Probe  
  82  6:19  Probe, Assimilator  
  82  6:22  Probe  
  82  6:24  Assimilator  
  84  6:26  Probe  
  84  6:29  Pylon  
  84  6:31  Probe, Pylon  
  86  6:35  Observer  
  87  6:41  Resonating Glaives  
  87  6:42  Robotics Facility  
  87  6:43  Probe  
  87  6:44  Probe x2  
  90  6:53  Probe  
  90  6:56  Probe x2  
  93  7:04  Probe  
  93  7:06  Pylon  
  94  7:08  Probe  
  94  7:09  Pylon  
  94  7:12  Extended Thermal Lance (Chrono Boost)  
  94  7:13  Gateway x2  
  95  7:16  Gateway  
  95  7:17  Observer (Chrono Boost)  
  96  7:29  Gateway  
  96  7:30  Colossus (Chrono Boost)  
  96  7:31  Gateway  
  102  7:39  Photon Cannon  
  102  7:43  Photon Cannon  
  102  7:45  Pylon, Photon Cannon  
  102  7:47  Photon Cannon  
  102  7:52  Protoss Ground Armor Level 2  
  102  8:01  Colossus (Chrono Boost)  
  108  8:07  Adept x3  
  108  8:10  Protoss Ground Weapons Level 2  
  114  8:16  Pylon  
  114  8:20  Pylon  
  114  8:23  Colossus (Chrono Boost)  
  120  8:31  Zealot x3  
  120  8:32  Zealot  
  117  8:44  Adept x4  
  111  8:57  Probe x3  
  111  9:01  Colossus (Chrono Boost)  
  120  9:09  Probe x2  
  122  9:11  Photon Cannon  
  122  9:12  Photon Cannon  
  122  9:13  Probe  
  123  9:19  Sentry x2  
  123  9:21  Probe  
  123  9:23  Nexus  
  128  9:27  Colossus (Chrono Boost)  
  134  9:46  Mothership Core  
  134  9:50  Pylon  
  134  9:52  Pylon  
  136  9:56  Adept x3  
  136  9:57  Adept x3  
  136  9:58  Stalker x2  
  152  10:19  Colossus x2 (Chrono Boost)  
  164  10:38  Stalker x3  
  156  10:49  Stalker  
  135  10:50  Stalker x2  
  125  11:07  Stalker x4  
  125  11:08  Stalker  
  131  11:16  Probe  
  131  11:18  Probe  
  131  11:21  Assimilator  
  131  11:22  Assimilator  
  131  11:24  Stalker x3  
  145  11:55  Stalker x3  
  145  11:56  Adept x4  
  145  11:57  Adept  
Tags
 
Add a new tag
Caveats
  • Supply blocks, unpowered buildings, or Contaminate may cause inaccurate times.
  • Supply counts are checked every 10 seconds.